 Dungeon Crawl Stone Soup version 0.18-a0-1312-gf98331d (webtiles) character file.

136 Reinor the Sneak (level 4, -4/22 HPs)
             Began as a Spriggan Assassin on Feb 14, 2016.
             Killed by divine providence
             ... invoked by an orc priest
              (12 damage)
             ... on level 3 of the Dungeon.
             The game lasted 00:04:10 (2920 turns).

Reinor the Sneak (Spriggan Assassin)                Turns: 2920, Time: 00:04:10

Health: -4/22      AC:  4    Str:  7    XL:     4   Next: 98%
Magic:  5/5        EV: 12    Int: 13    God:
Gold:   176        SH:  0    Dex: 17    Spells: 0 memorised, 3 levels left

rFire  . . .     SeeInvis +     a - +2 dagger
rCold  . . .     Gourm    .     c - +0 robe
rNeg   . . .     Faith    .     (shield restricted)
rPois  .         Spirit   .     (helmet restricted)
rElec  .         Dismiss  .     d - +1 cloak
rCorr  .         Reflect  .     (gloves unavailable)
SustAt .         Harm     .     (boots unavailable)
MR     .....                    (no amulet)
Stlth  ++++......               (no ring)
                                (no ring)

@: very quick, not resistant to hostile enchantments, stealthy
A: unfitting armour, see invisible, herbivore 3, speed 3, slow metabolism 2
a: no special abilities


You were on level 3 of the Dungeon.
You were not hungry.

You visited 1 branch of the dungeon, and saw 3 of its levels.

You collected 176 gold pieces.

Inventory:

Hand Weapons
 a - a +2 dagger (weapon)
 b - a +0 blowgun
Missiles
 e - 15 poisoned needles
 f - 2 curare-tipped needles
 h - 6 tomahawks (quivered)
Armour
 c - a +0 robe (worn)
 d - a +1 cloak (worn)
Scrolls
 k - 5 scrolls of fog
 l - a scroll of remove curse
 p - a scroll of identify
Potions
 i - 3 potions of resistance {unknown}
 j - a potion of flight {unknown}
 m - a potion of heal wounds {unknown}
 n - a potion of cure mutation {unknown}
Comestibles
 g - 3 bread rations


   Skills:
 - Level 1.5 Fighting
 + Level 4.3 Short Blades
 - Level 2.0 Throwing
 - Level 1.5 Dodging
 + Level 7.9 Stealth


You had 3 spell levels left.
You didn't know any spells.

Dungeon Overview and Level Annotations

Branches:
Dungeon (3/15)

Altars:


Innate Abilities, Weirdness & Mutations

You are tiny and cannot use many weapons and most armour.
You have supernaturally acute eyesight.
You are an herbivore.
You cover ground extremely quickly.
You need consume almost no food.


Message History

The orc hits you but does no damage.
You closely miss the orc.
The orc is almost dead.
The orc misses you.
You hit the orc but do no damage.
The orc is almost dead.
You hit the orc.
You kill the orc!
You climb downwards.
A jackal comes into view.
The jackal bites you.
The orc priest invokes the aid of Beogh against you.
Something smites you! The jackal completely misses you.
A jackal comes into view.
There is a stone staircase leading up here.
The jackal closely misses you.
The orc priest calls down the wrath of Beogh upon you.
Something smites you!
Ouch! That really hurt!
You die...

#.# #..# #.# #..# #.# #..#
#.# #..# ## ############
#.####..#
#.###..........###.##....#
.o.o..o......o.)...##.#.##
#o#######.####.######h#.#
#)#######.# #oh@.h...h.#
#.........###########.###
#########.....#######.#
#####.........#
###########


You could see 2 orc priests and 4 jackals.

Vanquished Creatures
  Ijyb (D:3)
  4 adders
  A worm (D:3)
  2 giant geckos (D:3)
  10 orcs
  3 giant cockroaches (D:1)
  5 goblins
  3 hobgoblins (D:2)
  7 jackals (D:1)
  A quokka (D:3)
  A ball python (D:1)
  5 bats
  3 giant newts
  7 kobolds
  6 rats
59 creatures vanquished.

Vanquished Creatures (others)
  A plant (D:2)
1 creature vanquished.

Grand Total: 60 creatures vanquished

Notes
Turn   | Place    | Note
--------------------------------------------------------------
     0 | D:1      | Reinor the Spriggan Assassin began the quest for the Orb.
     0 | D:1      | Reached XP level 1. HP: 10/10 MP: 2/2
    81 | D:1      | Reached skill level 6 in Stealth
   108 | D:1      | Reached XP level 2. HP: 12/14 MP: 3/3
   788 | D:2      | Reached XP level 3. HP: 14/18 MP: 4/4
  1159 | D:2      | Found a faded altar to an unknown god.
  1171 | D:2      | Reached skill level 7 in Stealth
  1739 | D:3      | Reached XP level 4. HP: 22/22 MP: 5/5
  1895 | D:3      | Noticed Ijyb
  1898 | D:3      | Killed Ijyb
  2920 | D:3      | Killed from afar by an orc priest

Vault maps used:
D:1:      dpeg_arrival_another_circle
D:2:      ecumenical_altar_1, serial_forest, infiniplex_forest_straight_2,
          infiniplex_forest_zigzag_1, infiniplex_forest_straight_2,
          infiniplex_forest_split, infiniplex_forest_lined_room_3,
          infiniplex_forest_clump_C, infiniplex_forest_clump_medium,
          infiniplex_forest_straight_2, infiniplex_forest_clump_long
D:3:      moated_statue, uniq_crazy_yiuf_cottage, uniq_iyjb

Action                   |  1- 3 |  4- 6 || total
-------------------------+-------+-------++-------
Melee: Dagger            |   110 |   114 ||   224
  Use: Scroll            |     4 |       ||     4
       Potion            |       |     1 ||     1
 Stab: Sleeping          |    12 |     8 ||    20
       Distracted        |     2 |       ||     2
